 Dungeon Crawl Stone Soup version 0.30-a0-715-gdb4ae3ece1 (console) character file.

Game seed: 9665311743658113655

36276 petzl the Destroyer (level 14, -27/96 (106) HPs)
             Began as a Formicid Delver on Jan 24, 2023.
             Was an Elder of Vehumet.
             Annihilated by a white ugly thing (31 damage)
             ... on level 14 of the Dungeon on Jan 25, 2023.
             The game lasted 01:47:04 (21221 turns).

petzl the Destroyer (Formicid Delver)              Turns: 21221, Time: 01:47:05

HP:   -27/96 (106)  AC: 12    Str: 17    XL:     14   Next: 22%
MP:   15/28         EV: 11    Int: 15    God:    Vehumet [****..]
Gold: 3872          SH: 10    Dex: 15    Spells: 4/34 levels left

rFire   . . .      SeeInvis +    f - +9 sword of Zonguldrok {reap}
rCold   . . .      Faith    .    L - +0 buckler
rNeg    . . .      Spirit   .    V - +1 ring mail {Will+}
rPois   +          Reflect  +    (helmet unavailable)
rElec   .          Harm     .    J - +0 cloak
rCorr   .          Rampage  .    v - +1 pair of gloves
Will    ++...      Clarity  +    c - +0 pair of boots
Stlth   ++++                     P - amulet of reflection
HPRegen 0.36/turn                A - +4 ring of slaying
MPRegen 0.21/turn                u - ring of wizardry

@: drained
A: permanent stasis, dig shafts and tunnels, antennae 3, four strong arms,
talons 1, camouflage 1, clarity, poison resistance
a: Dig, Shaft Self, Renounce Religion


You were on level 14 of the Dungeon.
You worshipped Vehumet.
Vehumet was greatly pleased with you.
You visited 2 branches of the dungeon, and saw 16 of its levels.
You also visited: Bailey.

You collected 3956 gold pieces.
You spent 84 gold pieces at shops.

Inventory:

Hand Weapons
 a - a +2 shortbow of freezing
 b - a +2 dagger of venom {!f =f}
 e - the +11 Singing Sword {sonic wave}
   (You found it on level 5 of the Dungeon)
 f - the +9 sword of Zonguldrok (weapon) {reap}
   (You took it off an orc warrior on level 7 of the Dungeon)
 r - the +6 glaive of Dygelohuf {vamp, Int+5 Dex+8}
   (You found it on level 13 of the Dungeon)

   Int:       It affects your intelligence (+5).
   Dex:       It affects your dexterity (+8).
 Q - a +0 flail of protection
Missiles
 q - 25 poisoned darts
 K - a curare-tipped dart
 R - 6 silver javelins
Armour
 c - a +0 pair of boots (worn)
 t - the +2 robe of Atzah {Rampage rElec rN+}
   (You found it on level 7 of the Dungeon)

   rElec:     It insulates you from electricity.
   rN:        It protects you from negative energy.
   Rampage:   It bestows one free step when moving towards enemies.
 v - a +1 pair of gloves (worn)
 J - a +0 cloak (worn)
 L - a +0 buckler (worn)
 V - a +1 ring mail of willpower (worn)
Jewellery
 o - a +5 ring of evasion
 u - a ring of wizardry (right hand)
 w - a +4 ring of slaying
 A - a +4 ring of slaying (left hand)
 M - a ring of flight
 P - an amulet of reflection (around neck)
 W - a +4 ring of protection
Wands
 g - a wand of digging (3)
 h - a wand of iceblast (24) (quivered)
 G - a wand of paralysis (31)
 Y - a wand of polymorph (4)
Scrolls
 l - 2 scrolls of poison
 p - a scroll of enchant weapon
 y - a scroll of silence {unknown}
 I - 3 scrolls of magic mapping
 N - 3 scrolls of fear
Potions
 i - 3 potions of heal wounds {unknown}
 j - 7 potions of curing
 n - 4 potions of resistance {unknown}
 s - 3 potions of cancellation
 x - 2 potions of might {unknown}
 B - 4 potions of flight
 D - 2 potions of lignification
 H - a potion of attraction {unknown}
 S - 2 potions of magic
 U - 2 potions of brilliance {unknown}
Miscellaneous
 d - a condenser vane
 m - a phial of floods


   Skills:
 + Level 8.3 Fighting
 - Level 5.0 Long Blades
 - Level 2.2 Maces & Flails
 - Level 3.0 Ranged Weapons
 - Level 6.0 Armour
 - Level 2.0 Dodging
 + Level 6.7 Stealth
 - Level 4.0 Shields
 + Level 10.5 Spellcasting
 + Level 12.0 Conjurations
 * Level 2.6 Necromancy
 + Level 2.8 Translocations
 + Level 3.0 Fire Magic
 - Level 6.0 Ice Magic
 - Level 6.0 Air Magic
 + Level 5.4 Poison Magic
 - Level 3.0 Evocations


You had 4 spell levels left.
You knew the following spells:

 Your Spells              Type           Power      Damage    Failure   Level
a - Shock                 Conj/Air       100%       1d9       1%          1
b - Freeze                Ice            100%       1d10      1%          1
c - Apportation           Tloc           32%        N/A       2%          1
d - Scorch                Fire           34%        2d6       1%          2
l - Freezing Cloud        Conj/Ice/Air   15%        6-21      2%          5
m - Mephitic Cloud        Conj/Pois/Air  31%        N/A       1%          3
o - Orb of Destruction    Conj           22%        9d8       13%         7
s - Sticky Flame          Conj/Fire      30%        2d5       1%          4
u - Sublimation of Blood  Necr           15%        N/A       4%          2
T - Olgreb's Toxic Radia  Pois           24%        N/A       2%          4

Your spell library contained the following spells:

 Spells                   Type           Power      Damage    Failure   Level
 Iskenderun's Battlesphe  Conj           44%        2d10      1%          5
 Magic Dart               Conj           100%       1d8       1%          1
 Kindle Blastsparks       Fire/Tloc/Air  38%        2d13      1%          3
 Flame Wave               Conj/Fire      30%        2d9       1%          4
 Necrotise                Necr           60%        1d7       2%          1
 Ignite Poison            Fire/Tmut/Pois 16%        N/A       2%          3
 Airstrike                Air            12%        2d(2-18)  2%          4
 Inner Flame              Hex/Fire       12%        N/A       4%          3
 Beastly Appendage        Tmut           14%        N/A       9%          1
 Summon Small Mammal      Summ           28%        N/A       9%          1
 Spider Form              Tmut/Pois      15%        N/A       9%          3
 Call Imp                 Summ           7%         N/A       12%         2
 Wereblood                Tmut           7%         N/A       12%         2
 Summon Lightning Spire   Summ/Air       16%        N/A       22%         4
 Summon Guardian Golem    Hex/Summ       7%         N/A       24%         3
 Petrify                  Tmut/Erth      7%         N/A       58%         4
 Lightning Bolt           Conj/Air       17%        1d31      1%          5
 Irradiate                Conj/Tmut      12%        3d15      5%          5
 Spellforged Servitor     Conj/Summ      12%        N/A       73%         7
 Swiftness                Air            Unusable   N/A       N/A         3

Dungeon Overview and Level Annotations

Branches:
Dungeon (15/15)            Temple (1/1) D:5            Lair (0/5) D:10
    Orc (0/2) D:9          Depths (0/4) D:15         Bailey (visited)
 Vaults: D:13-14

Altars:
Ashenzari
Cheibriados
Dithmenos
Elyvilon
Fedhas
Gozag
Hepliaklqana
Kikubaaqudgha
Makhleb
Nemelex Xobeh
Okawaru
Qazlal
Ru
Sif Muna
Trog
Uskayaw
Vehumet
Wu Jian
Xom
Yredelemnul
Zin
The Shining One

Shops:
D:4 (   D:8 (   D:9 (   D:13 [

Portals:
Trove: D:10 (give +5 demon trident)

Annotations:
D:7 exclusion: downstairs
D:11 exclusion: downstairs
D:13 exclusion: downstairs
D:14 exclusion: downstairs


Innate Abilities, Weirdness & Mutations

You cannot be hasted, slowed, berserked, paralysed or teleported.
You can dig through walls and to a lower floor.
You have a pair of large antennae on your head. (SInv)
Your four strong arms can wield two-handed weapons with a shield.
You have sharp toenails.
Your skin changes colour to match your surroundings (Stealth+).
You possess an exceptional clarity of mind.
Your system is resistant to poisons. (rPois)


Message History

* * * LOW HITPOINT WARNING * * *
The white ugly thing freezes you!!
* * * LOW HITPOINT WARNING * * *
The cyan ugly thing is engulfed in freezing vapours.
Unknown command.
Unknown command.
Unknown command.
Unknown command.
Unknown command.
Okay, then.
Unknown command.
Unknown command.
Unknown command.
Unknown command.
Unknown command.
Unknown command.
Unknown command.
Okay, then.
Unknown command.
Unknown command.
Unknown command.
Unknown command.
Unknown command.
Unknown command.
As you read the scroll of fear, it crumbles to dust.
You assume a fearsome visage.
The white ugly thing looks frightened!
The cyan ugly thing resists with some effort.
The white ugly thing resists with some effort.
The cyan ugly thing is engulfed in noxious fumes.
The cyan ugly thing appears confused.
You block the white ugly thing's attack.
You feel better.
The white ugly thing looks more healthy.
The cyan ugly thing is engulfed in freezing vapours.
You kill the cyan ugly thing!
Vehumet accepts your kill.
You feel your power returning. The white ugly thing claws you.
* * * LOW HITPOINT WARNING * * *
The white ugly thing freezes you!!
You die...

*,,,,,*,,*,,,,,#.####.#######~~~###
*,,*,**,,**,*,,#...............~≈~~
*,*,*,*,,*,*,*,#.####.#######...~..
*,,**,*,,*,**,,#.####.# #.#####
***** *,*,,,,,,,,,,*,#.[..#.# #.?*
,,,,*******,*,,*,******,#...# ##.#
***,,,,,,,,,,,,,,,,,,,{,#.### *.#
*,*,,,,,,,,,,,,,,,,,,*#.# *.#
*,*******,*,,*,*******#.# *.#***
*,,,*,*,,,,,,,,,,*,* #.# *,,,,,
*******,,**,*,,*,**{,* #.# ******
,* *,*,*,*^,*,*,*,* #.# ,****
*,,*,**,,**,*,,* #.# ,,,,*
*,,,,,*,,*,,,,∩* #.# ,**,*
*******,,**##*** #.# ,**,* *,,*
*,,,>..* #.# ***,* *,,* **,,*#u*
#.# *,* *,,* **,*#{######.# *,*
*,,** *,*#.#@#.##.### *,*
*,,,*****{*#uu#.#.....# *,*
**,,,,,,,{*#u####.###.# *,*
*,,,,,{,{§☼§* #.# #># *,*
*,,****{####* #.# #.# *,****,,* *,*
#.# #.# *,,,,,,,****,*** #.# #.#
##### **,,,,,,,,,,,,,* #.# #.#
#...## **,,,,,,,,,,,,* #.# #.#
#.#... *,,,,,,,,,,,,* #.# #.#
####.#.## *,,,,,,,,,,,,* #.#
#.#####....#... *,,,,,,,,,,,,*
#.###.......####### **,,,,,,,,,,,*
#.##....###....#... *,,,,,,,,,,,*
#.#......#####.#.## *,,,,,,,.u..#
#..............#.# *,,,,,,,,u..##
##.......####....# *,,,,,,,,....#
#.......####.#..## *,,,,,,,,....#
##................ **,*****##...*
##...##.#####....


You could see 3 ugly things.

Vanquished Creatures
  Rupert (D:14)
  Frances (D:13)
  Snorg (D:13)
  Fannar (D:11)
  3 centaur warriors
  An alligator (shapeshifter) (D:14)
  2 boulder beetles
  A tengu warrior (D:15)
  2 two-headed ogres
  Urug (D:13)
  An orc knight (Bailey)
  17 ugly things
  An orc sorcerer (Bailey)
  A manticore (D:14)
  An oklob plant (D:10)
  A wolf spider (D:14)
  4 cyclopes
  Maurice (D:8)
  Maggie (D:8)
  2 gargoyles
  2 unseen horrors
  A komodo dragon (D:11)
  4 trolls
  A hornet (D:9)
  A blink frog (shapeshifter) (D:13)
  A slime creature (D:7)
  2 vampires
  4 wraiths
  4 shadows
  2 wyverns
  2 steam dragons
  A basilisk (D:11)
  18 yaks
  2 vampire mosquitoes (D:11)
  3 acid dragons
  4 water moccasins
  22 orc warriors
  4 sky beasts (D:7)
  A black bear (D:6)
  An ogre (D:5)
  5 centaurs
  A phantom (D:6)
  5 kobold brigands
  7 bullfrogs
  11 scorpions
  15 wights
  4 killer bees
  4 electric eels
  2 vampire bats (D:4)
  4 howler monkeys
  3 hounds (D:6)
  2 jellies (D:5)
  6 orc priests
  Crazy Yiuf (D:5)
  2 gnoll boudas
  Ijyb (D:3)
  6 iguanas
  20 orc wizards
  A mummy (D:5)
  Robin (D:3)
  15 gnolls
  9 adders
  2 shadow imps
  A white imp (D:6)
  An ufetubus (D:5)
  6 dart slugs
  49 orcs
  8 ball pythons
  14 endoplasms
  4 giant cockroaches
  20 hobgoblins
  4 jackals (D:2)
  11 quokkas
  19 bats
  3 frilled lizards
  21 goblins
  17 kobolds
  A kobold zombie (D:5)
  2 orc zombies
  5 rats
437 creatures vanquished.

Vanquished Creatures (collateral kills)
  An ugly thing (D:14)
  A necrophage (D:7)
  A shadow imp (D:7)
  An orc (D:7)
4 creatures vanquished.

Vanquished Creatures (others)
  A wolf spider zombie (D:14)
  A killer bee zombie (D:7)
  A gnoll zombie (D:7)
  3 orc zombies
  7 fungi (D:5)
  7 plants
20 creatures vanquished.

Grand Total: 461 creatures vanquished

Notes
Turn   | Place    | Note
-------+----------+-------------------------------------------
     0 | D:5      | petzl the Formicid Delver began the quest for the Orb.
     0 | D:5      | Reached XP level 1. HP: 18/18 MP: 1/1
     5 | D:5      | Found a staircase to the Ecumenical Temple.
    13 | Temple   | Entered the Ecumenical Temple
   235 | D:5      | Found a glowing silver altar of Zin.
   264 | D:4      | Found Lydes's Antique Weapon Shop.
   364 | D:2      | Found a faded altar of an unknown god.
   410 | D:2      | Reached XP level 2. HP: 11/24 MP: 2/2
   598 | D:1      | Reached skill level 1 in Spellcasting
   598 | D:1      | Reached XP level 3. HP: 29/29 MP: 2/4
   903 | D:1      | You fall into a shaft and drop 1 floor!
  1043 | D:1      | You fall into a shaft and drop 1 floor!
  1228 | D:1      | Reached XP level 4. HP: 31/35 MP: 7/7
  1783 | D:2      | You fall into a shaft and drop 1 floor!
  2187 | D:3      | Noticed Robin
  2219 | D:3      | Reached XP level 5. HP: 28/41 MP: 10/10
  2335 | D:3      | Killed Robin
  2402 | D:4      | Found an iron altar of Okawaru.
  2531 | D:4      | Bought a shortbow for 84 gold pieces
  2896 | D:3      | Noticed Ijyb
  2903 | D:3      | You fall into a shaft and drop 2 floors!
  2959 | D:5      | Reached skill level 1 in Ranged Weapons
  2959 | D:5      | Reached XP level 6. HP: 32/47 MP: 12/12
  3125 | D:4      | You fall into a shaft and drop 2 floors!
  3420 | D:6      | Found a sparkling altar of Nemelex Xobeh.
  3420 | D:6      | Found a shimmering blue altar of Sif Muna.
  3432 | D:6      | Noticed a water moccasin
  3448 | D:5      | Found an opulent altar of Gozag.
  3477 | D:4      | Reached skill level 5 in Spellcasting
  3488 | D:4      | Reached skill level 1 in Evocations
  3488 | D:4      | Reached XP level 7. HP: 49/52 MP: 14/14
  3499 | D:4      | You fall into a shaft and drop 1 floor!
  3980 | D:5      | Found a runed translucent door.
  3981 | D:5      | Noticed Crazy Yiuf
  3987 | D:5      | Killed Crazy Yiuf
  4830 | D:4      | Reached XP level 8. HP: 40/58 MP: 17/17
  5074 | D:4      | Learned a level 1 spell: Shock
  5393 | D:5      | Found a sacrificial altar of Ru.
  5393 | D:5      | Found a radiant altar of Vehumet.
  5398 | D:5      | Became a worshipper of Vehumet
  5448 | D:5      | Reached skill level 1 in Shields
  5448 | D:5      | Reached skill level 1 in Conjurations
  5640 | D:5      | Reached skill level 1 in Air Magic
  5683 | D:5      | Reached skill level 2 in Conjurations
  5873 | D:5      | Found the +11 Singing Sword {sonic wave}
  5973 | D:6      | Reached XP level 9. HP: 56/64 MP: 19/19
  5996 | D:6      | Reached skill level 3 in Conjurations
  6297 | D:6      | Reached skill level 4 in Conjurations
  6494 | D:7      | Noticed a cyclops
  6504 | D:7      | Reached * piety under Vehumet
  6504 | D:7      | Offered knowledge of Freeze by Vehumet.
  6509 | D:6      | Learned a level 1 spell: Freeze
  6897 | D:7      | Identified the +2 robe of Atzah {Rampage rElec rN+}
  6987 | D:6      | Reached skill level 5 in Conjurations
  7387 | D:7      | Found a stormy altar of Qazlal.
  7467 | D:7      | You are sucked into a shaft and drop 2 floors!
  7897 | D:9      | Noticed a hornet
  7902 | D:9      | Killed a hornet
  7903 | D:9      | Reached XP level 10. HP: 49/70 MP: 22/22
  7915 | D:9      | Found a flagged portal.
  7970 | Bailey   | Entered a bailey
  8028 | Bailey   | Noticed an orc sorcerer
  8042 | Bailey   | Killed an orc sorcerer
  8043 | Bailey   | Reached skill level 6 in Conjurations
  8046 | Bailey   | Noticed an orc knight
  8199 | Bailey   | Reached skill level 7 in Conjurations
  8223 | Bailey   | Killed an orc knight
  8302 | Bailey   | Acquired 706 gold pieces
  8403 | Bailey   | Offered knowledge of Scorch by Vehumet.
  8511 | Bailey   | Noticed a kobold demonologist
  8517 | Bailey   | Reached ** piety under Vehumet
  8623 | Bailey   | Reached skill level 8 in Conjurations
  8919 | Bailey   | Identified the +9 glaive of the Sneaky Runes {flame, rN+
                  | Dex+3}
  9548 | Bailey   | Found an iron altar of Okawaru.
  9619 | Bailey   | Learned a level 1 spell: Apportation
  9622 | Bailey   | Learned a level 2 spell: Scorch
  9727 | D:9      | Found a staircase to the Orcish Mines.
  9734 | D:9      | Found Asas's Weapon Emporium.
  9803 | D:9      | Learned a level 5 spell: Freezing Cloud
  9826 | D:10     | Entered Level 10 of the Dungeon
 10105 | D:7      | Offered knowledge of Poisonous Vapours by Vehumet.
 10106 | D:7      | Reached skill level 1 in Ice Magic
 10301 | D:7      | Reached XP level 11. HP: 64/73 MP: 24/24
 10819 | D:6      | Reached *** piety under Vehumet
 11501 | D:7      | Reached skill level 5 in Ice Magic
 11501 | D:7      | Reached skill level 5 in Air Magic
 11552 | D:8      | Noticed Maurice
 11643 | D:7      | Learned a level 7 spell: Orb of Destruction
 11810 | D:7      | Killed a cyclops
 12032 | D:7      | Offered knowledge of Mephitic Cloud by Vehumet.
 12037 | D:7      | Learned a level 3 spell: Mephitic Cloud
 12066 | D:7      | Reached skill level 1 in Long Blades
 12433 | D:3      | Killed Ijyb
 12756 | D:8      | Killed Maurice
 12862 | D:8      | Noticed Maggie
 12866 | D:8      | Killed Maggie
 13046 | D:8      | Found an ornate altar of the Wu Jian Council.
 13047 | D:8      | Found a broken altar of Ashenzari.
 13066 | D:8      | Found Doruidic's Weapon Boutique.
 13252 | D:8      | Noticed a two-headed ogre
 13257 | D:8      | Killed a two-headed ogre
 13315 | D:9      | Noticed a two-headed ogre
 13320 | D:9      | Killed a two-headed ogre
 13321 | D:9      | Reached skill level 9 in Conjurations
 13417 | D:8      | Reached **** piety under Vehumet
 13791 | D:9      | Reached XP level 12. HP: 20/84 MP: 20/25
 14051 | D:9      | Offered knowledge of Olgreb's Toxic Radiance by Vehumet.
 14058 | D:9      | Learned a level 4 spell: Olgreb's Toxic Radiance
 14087 | D:9      | Reached skill level 10 in Spellcasting
 14095 | D:9      | Reached skill level 1 in Armour
 14404 | D:9      | Reached skill level 5 in Fighting
 14675 | D:10     | Found a glowing golden altar of the Shining One.
 14893 | D:10     | Found a staircase to the Lair.
 15326 | D:10     | Found a portal to a secret trove of treasure.
 15564 | D:11     | Reached skill level 10 in Conjurations
 15658 | D:12     | Noticed a centaur warrior
 15661 | D:12     | Killed a centaur warrior
 16029 | D:11     | Noticed Fannar
 16039 | D:11     | You fall into a shaft and drop 1 floor!
 16179 | D:12     | Found an ornate altar of the Wu Jian Council.
 16236 | D:11     | Killed Fannar
 16342 | D:11     | Gained mutation: You possess an exceptional clarity of
                  | mind. [potion of mutation]
 16342 | D:11     | Gained mutation: Your system is resistant to poisons.
                  | (rPois) [potion of mutation]
 16342 | D:11     | Gained mutation: Your skin changes colour to match your
                  | surroundings (Stealth+). [potion of mutation]
 16342 | D:11     | Gained mutation: You have sharp toenails. [potion of
                  | mutation]
 16640 | D:11     | Reached ***** piety under Vehumet
 16640 | D:11     | Offered knowledge of Iskenderun's Battlesphere by Vehumet.
 17307 | D:12     | Reached XP level 13. HP: 95/95 MP: 18/27
 18163 | D:13     | Noticed Urug
 18171 | D:13     | Killed Urug
 18172 | D:13     | Reached skill level 5 in Long Blades
 18322 | D:13     | Found Nerphocw's Armour Shoppe.
 18442 | D:13     | Noticed Snorg
 18453 | D:13     | Killed Snorg
 18454 | D:13     | Reached skill level 5 in Armour
 18454 | D:13     | Reached skill level 11 in Conjurations
 18454 | D:13     | Noticed Frances
 18588 | D:13     | Killed Frances
 18668 | D:13     | Noticed a six-headed hydra
 18732 | D:13     | Acquired 570 gold pieces
 18734 | D:13     | Acquired 943 gold pieces
 18736 | D:13     | Acquired 679 gold pieces
 18775 | D:14     | Reached skill level 1 in Poison Magic
 18981 | D:13     | Learned a level 4 spell: Sticky Flame
 19026 | D:13     | Noticed a centaur warrior
 19032 | D:13     | Killed a centaur warrior
 19267 | D:13     | Reached skill level 1 in Fire Magic
 19565 | D:13     | Reached skill level 1 in Translocations
 19735 | D:13     | Identified the +6 glaive of Dygelohuf {vamp, Int+5 Dex+8}
 20096 | D:14     | Noticed Rupert
 20756 | D:14     | Learned a level 2 spell: Sublimation of Blood
 20759 | D:15     | Entered Level 15 of the Dungeon
 20774 | D:15     | Reached skill level 1 in Necromancy
 20774 | D:15     | Reached XP level 14. HP: 75/105 MP: 14/28
 20918 | D:15     | Reached skill level 5 in Poison Magic
 21126 | D:14     | Reached skill level 12 in Conjurations
 21168 | D:14     | Killed Rupert
 21219 | D:14     | HP: 1/96 [white ugly thing (20)]
 21221 | D:14     | Annihilated by a white ugly thing

Illustrated notes

Levels and vault maps discovered:
D:1:      dpeg_arrival_short_road, layout_basic, minmay_3d_cube
D:2:      layout_rooms, hellmonk_ecumenical_altar_heavens_door
D:3:      layout_basic, minmay_close_crescents, uniq_ijyb, uniq_robin
D:4:      minmay_clustersquares, layout_gridville,
          mainiacjoe_overflow_small_starburst, serial_shops, shop_statue,
          minmay_misc_feat_cross, roderic_batcave
D:5:      old_forge, layout_rooms, zin_academy,
          gammafunk_temple_overflow_statue,
          nicolae_gozag_cash_rules_everything_around_me,
          minmay_temple_entry_drinking_statues, nicolae_ossuary_entry_giza,
          grunt_decor_arrowhead, uniq_crazy_yiuf_cottage
D:6:      layout_basic, chequers_temple_overflow_statue_of_worship,
          hangedman_abyss_or_decor_lesser_grid, kennysheep_windowed_goal
D:7:      layout_gridville, mainiacjoe_overflow_six_doors_small,
          minmay_misc_feat_alley, minmay_the_grid_2x2
          [minmay_the_grid_zigzag_pyramid, minmay_the_grid_medium_cups,
          minmay_the_grid_minigrid_medium,
          minmay_the_grid_prize_shrinking_boxes]
D:8:      layout_gridville, gammafunk_temple_overflow_pools, serial_shops,
          kennysheep_mini, uniq_maurice, uniq_maggie
D:9:      layout_loops_ring, orc_david_3, enter_bailey_8, minivault_25_ag
D:10:     layout_basic, lemuel_crystal_altar, dpeg_oklobed_lair, enter_trove_3
D:11:     layout_gridville, uniq_fannar
D:12:     layout_layer_cave, nicolae_wu_jian_wuxing_cycle
D:13:     layout_roguey, serial_shops, nicolae_shop_stone, serial_bayou_pond_c,
          uniq_frances, uniq_urug, uniq_snorg
D:14:     layout_loops_ring, hangedman_vaults_entry_quadrant_bands,
          chequers_serial_rivers_small_a, minivault_16, tgw_sif, uniq_rupert
D:15:     grunt_enter_depths_hoard, layout_basic, gammafunk_ghost_crypt,
          serial_park_fountain, portal_ice_cave_entry_pillars_three
Temple:   grunt_temple_mini_profane

Skill      XL: |  1  2  3  4  5  6  7  8  9 10 11 12 13 14 |
---------------+-------------------------------------------+-----
Dodging        | 2 |  2.0
Spellcasting   | 1 2 3 4 5 6 7 8 9 10 | 10.5
Ranged Weapons | 1 2 3 |  3.0
Evocations     | 1 3 |  3.0
Shields        | 4 |  4.0
Conjurations   | 2 5 8 9 10 11 12 | 12.0
Air Magic      | 1 3 4 5 6 |  6.0
Ice Magic      | 1 6 |  6.0
Long Blades    | 2 4 5 |  5.0
Fighting       | 4 6 8 |  8.3
Armour         | 4 6 |  6.0
Poison Magic   | 4 5 |  5.4
Fire Magic     | 2 3 |  3.0
Translocations | 2 |  2.8
Necromancy     | 1 2 |  2.6
Maces & Flails | |  2.2
Stealth        | |  6.7

Action                     |  1- 3 |  4- 6 |  7- 9 | 10-12 | 13-15 || total
---------------------------+-------+-------+-------+-------+-------++-------
  Melee: Rapier            |    91 |   135 |     6 |       |       ||   232
         Mace              |     9 |       |       |       |       ||     9
         Punch             |     1 |     2 |       |       |       ||     3
         Dagger            |       |       |   160 |   141 |     1 ||   302
         Double sword      |       |       |       |    73 |    35 ||   108
         Flail             |       |       |       |     2 |       ||     2
   Fire: Shortbow          |       |    66 |   133 |   290 |    64 ||   553
  Throw: Dart              |       |       |       |     1 |       ||     1
   Cast: Freezing Cloud    |       |       |       |    72 |    35 ||   107
         Mephitic Cloud    |       |       |       |     4 |    23 ||    27
         Orb of Destructio |       |       |       |     3 |    11 ||    14
         Olgreb's Toxic Ra |       |       |       |       |    15 ||    15
         Sticky Flame      |       |       |       |       |     6 ||     6
         Sublimation of Bl |       |       |       |       |     2 ||     2
Ability: Shaft Self        |     2 |     3 |     2 |     1 |       ||     8
         Dig               |       |       |     1 |     1 |     8 ||    10
  Evoke: Wand              |       |       |     3 |     5 |       ||     8
    Use: Potion            |       |       |     7 |     2 |     4 ||    13
         Scroll            |       |       |     4 |    11 |    10 ||    25
   Stab: Sleeping          |     6 |     6 |     3 |     4 |     1 ||    20
         Paralysed         |       |       |     3 |       |       ||     3
         Distracted        |       |       |       |     1 |       ||     1
         Confused          |       |       |       |     2 |       ||     2
 Armour: Leather armour    |    42 |    10 |       |       |       ||    52
         Ring mail         |       |    60 |    53 |    26 |    20 ||   159
  Dodge: Dodged            |    67 |   109 |   102 |    90 |    19 ||   387
  Block: Buckler           |       |       |    33 |    94 |    28 ||   155
         Reflection        |       |       |       |     8 |     6 ||    14

Table legend: (Time is in decaauts)
 A = Elapsed time spent in this place.
 B = Non-inter-level travel time spent in this place.
 C = Inter-level travel time spent in this place.
 D = Time resting spent in this place.
 E = Time spent auto-exploring this place.
 F = Levels seen in this place.
 G = Mean time per level.
                   A        B        C        D        E       F      G
               +--------+--------+--------+--------+--------+-----+--------+
         Total |  21538 |  20180 |   1358 |   6701 |   7020 |  17 | 1266.9 |
       Dungeon |  19541 |  18221 |   1320 |   5764 |   6850 |  15 | 1302.7 |
        Temple |    212 |    174 |     38 |      0 |    170 |   1 |  212.0 |
        Bailey |   1784 |   1784 |      0 |    936 |      0 |   1 | 1784.0 |
               +--------+--------+--------+--------+--------+-----+--------+

Top non-repeatable levels by time:
     D:6: 2163 daAuts
     D:7: 1907 daAuts
     D:9: 1810 daAuts
  Bailey: 1784 daAuts
     D:5: 1771 daAuts
    D:13: 1750 daAuts
    D:12: 1683 daAuts
     D:4: 1376 daAuts
    D:11: 1232 daAuts
     D:8: 1072 daAuts
     D:3: 990 daAuts
     D:2: 934 daAuts
    D:14: 913 daAuts
     D:1: 878 daAuts
    D:10: 856 daAuts
